 Dungeon Crawl Stone Soup version 0.28.0-43-g3370ac3207 (webtiles) character file.

Game seed: 13248785019455003706

85 choreboyy the Ogre Mage (level 4, -2/41 HPs)
             Began as an Ogre Hedge Wizard on Mar 14, 2022.
             Killed by divine providence
             ... invoked by an orc priest
              (15 damage)
             ... on level 3 of the Dungeon.
             The game lasted 00:08:52 (3669 turns).

choreboyy the Ogre Mage (Ogre Hedge Wizard)         Turns: 3669, Time: 00:08:53

Health: -2/41      AC:  3    Str: 14    XL:     4   Next: 48%
Magic:  5/10       EV:  9    Int: 17    God:
Gold:   97         SH:  0    Dex:  8    Spells: 8/11 levels left

rFire   + . .      SeeInvis .   a - +0 dagger
rCold   + . .      Faith    .   (no shield)
rNeg    . . .      Spirit   .   b - +0 robe
rPois   .          Reflect  .   c - +0 hat
rElec   .          Harm     .   l - scarf {rC+ rF+}
rCorr   .          Rampage  .   (gloves unavailable)
Will    .....                   (boots unavailable)
Stlth   ++........              (no amulet)
HPRegen 0.13/turn               (no ring)
MPRegen 0.12/turn               (no ring)

@: no status effects
A: large, unfitting armour, tough skin 1
a: no special abilities


You were on level 3 of the Dungeon.
You visited 1 branch of the dungeon, and saw 3 of its levels.

You collected 97 gold pieces.

Inventory:

Hand Weapons
 a - a +0 dagger (weapon)
Missiles
 i - 4 large rocks
Armour
 b - a +0 robe (worn)
 c - a +0 hat (worn)
 l - a scarf of resistance (worn)
Jewellery
 f - an amulet of guardian spirit
Scrolls
 d - a scroll of amnesia {unknown}
 e - a scroll of vulnerability {unknown}
 g - a scroll of identify {unknown}
 k - a scroll of teleportation {unknown}
 m - a scroll of holy word {unknown}
Potions
 h - a potion of cancellation {unknown}
 j - a potion of curing {unknown}
 n - a potion of might {unknown}


   Skills:
 + Level 1.5 Fighting
 - Level 2.1 Dodging
 - Level 1.9 Stealth
 + Level 4.1 Spellcasting
 + Level 1.7 Conjurations
 - Level 1.5 Summonings
 - Level 1.3 Translocations


You had 8 spell levels left.
You knew the following spells:

 Your Spells              Type           Power      Damage    Failure   Level
a - Magic Dart            Conj           36%        1d4       8%          1
b - Call Imp              Summ           8%         N/A       13%         2

Your spell library contained the following spells:

 Spells                   Type           Power      Damage    Failure   Level
 Blink                    Tloc           16%        N/A       14%         2
 Slow                     Hex            12%        N/A       16%         1
 Conjure Flame            Conj/Fire      6%         6-21      32%         3
 Mephitic Cloud           Conj/Pois/Air  5%         N/A       36%         3


Dungeon Overview and Level Annotations

Branches:
Dungeon (3/15)

Altars:


Innate Abilities, Weirdness & Mutations

You are too large for most types of armour.
You have tough skin. (AC +1)


Message History

You swap places.
An orc wizard comes into view. It is wielding a +0 dagger.
Your crimson imp barely misses the giant cockroach.
You barely miss the giant cockroach.
The giant cockroach bites you but does no damage.
Your crimson imp barely misses the giant cockroach.
You hit the giant cockroach but do no damage.
The giant cockroach bites you.
Your crimson imp closely misses the giant cockroach.
The giant cockroach bites you but does no damage.
Casting: Magic Dart (safe; 8% risk of failure)
Confirm with . or Enter, or press ? or * to list all spells.
Aiming: Magic Dart (safe; 8% risk of failure)
Press: ? - help, Shift-Dir - straight line, f - giant cockroach, p - orc
Aim: a giant cockroach (100% to hit)
The magic dart hits the giant cockroach.
The giant cockroach is moderately wounded.
The giant cockroach closely misses you.
Your crimson imp misses the giant cockroach.
The orc priest invokes the aid of Beogh against you.
Beogh smites you!
* * * LOW HITPOINT WARNING * * *
The giant cockroach barely misses your crimson imp.
The orc wizard mumbles some strange words.
The orc wizard flickers and vanishes!
Deactivating autopickup; reactivate with Ctrl-A.
Your crimson imp closely misses the giant cockroach.
The orc hits your crimson imp with a +0 whip.
Casting: Magic Dart (safe; 8% risk of failure)
Confirm with . or Enter, or press ? or * to list all spells.
A beastly little devil appears in a puff of frigid air.
Your crimson imp disappears in a puff of smoke!
The giant cockroach barely misses your white imp.
An orc comes into view. It is wielding a +0 mace.
A giant cockroach comes into view.
Something barely misses your white imp.
Your white imp hits the orc.
Your white imp freezes the orc.
The orc priest calls down the wrath of Beogh upon you.
Beogh smites you!
You die...

####.#..(....##.......####
#.#..oo..###)###......# ..
#.....5#.###)#
#.####.###..
###.5..o.....#
#.####...... #.####..####
#.##........ #.####.B#
#.##.#...... #.......##
#.##.#.###.. ######..o#
#......# .. #..@# ####.###
. #...# #####.#####
#...####.........###
#...##..............
#####...##.#.#....#..##.
.....B...............#
................#.#.....
................#.#..##.
#####...##.###.........


You could see an orc priest, 3 orcs, 2 giant cockroaches and a friendly white
imp (summoned).

Vanquished Creatures
  3 adders
  7 ball pythons
  An endoplasm (D:1)
  A giant cockroach (D:1)
  A hobgoblin (D:1)
  A jackal (D:2)
  3 quokkas
  3 bats
  2 frilled lizards (D:1)
  3 goblins (D:1)
  A rat (D:1)
26 creatures vanquished.

Vanquished Creatures (collateral kills)
  An adder (D:2)
  A worm (D:2)
  2 orcs (D:3)
  An endoplasm (D:2)
  A giant cockroach (D:1)
  2 hobgoblins
  5 jackals (D:2)
  2 kobolds (D:2)
15 creatures vanquished.

Grand Total: 41 creatures vanquished

Notes
Turn   | Place    | Note
-------+----------+-------------------------------------------
     0 | D:1      | choreboyy the Ogre Hedge Wizard began the quest for the
                  | Orb.
     0 | D:1      | Reached XP level 1. HP: 16/16 MP: 5/5
    90 | D:1      | Found a faded altar of an unknown god.
   207 | D:1      | Reached skill level 1 in Conjurations
   207 | D:1      | Reached skill level 1 in Summonings
   387 | D:1      | Reached skill level 1 in Translocations
   448 | D:1      | Reached XP level 2. HP: 8/24 MP: 1/6
  1086 | D:1      | Learned a level 2 spell: Call Imp
  1533 | D:2      | Reached XP level 3. HP: 9/32 MP: 2/8
  2155 | D:2      | Reached skill level 4 in Spellcasting
  2522 | D:2      | Reached XP level 4. HP: 7/40 MP: 1/10
  3048 | D:2      | Reached skill level 1 in Fighting
  3669 | D:3      | Killed from afar by an orc priest

Illustrated notes

Levels and vault maps discovered:
D:1:      tarquinn_simple_flora_water_b, layout_basic,
          nicolae_ecumenical_lake_church, minmay_quantized
D:2:      layout_basic
D:3:      layout_loops_cross, amethyst_overflow_temple_binary, uniq_grinder

Skill      XL: |  1  2  3  4 |
---------------+-------------+-----
Conjurations   | 1 |  1.7
Summonings     | 1 |  1.5
Translocations | 1 |  1.3
Dodging        | 2 |  2.1
Spellcasting   | 4 |  4.1
Fighting       | 1 |  1.5
Stealth        | |  1.9

Action                   |  1- 3 |  4- 6 || total
-------------------------+-------+-------++-------
Melee: Dagger            |   108 |     7 ||   115
       Punch             |     1 |       ||     1
 Cast: Magic Dart        |    44 |    29 ||    73
       Call Imp          |    10 |     3 ||    13
 Stab: Sleeping          |     1 |       ||     1
Armor: Robe              |    35 |    10 ||    45
Dodge: Dodged            |    61 |     5 ||    66
